 Dungeon Crawl Stone Soup version 0.17-b1-22-g5359643 (console) character file.

63 wobbegong the Grave Robber (level 3, -1/28 HPs)
             Began as a Deep Dwarf Necromancer on Nov 5, 2015.
             Killed from afar by Sigmund (11 damage)
             ... with a puff of flame
             ... on level 2 of the Dungeon.
             The game lasted 00:14:39 (1233 turns).

wobbegong the Grave Robber (Deep Dwarf Necromancer) Turns: 1233, Time: 00:14:39

Health: -1/28      AC:  2    Str: 11    XL:     3   Next: 87%
Magic:  2/6        EV: 15    Int: 16    God:
Gold:   18         SH:  0    Dex: 13    Spells: 2 memorised, 2 levels left

rFire  . . .     SeeInvis .     o - +2 mace (holy)
rCold  . . .     Clarity  .     a - +0 robe
rNeg   + + .     SustAt   .     (no shield)
rPois  .         Gourm    .     (no helmet)
rElec  .         Spirit   .     (no cloak)
rCorr  .         Warding  +     (no gloves)
rMut   .         Stasis   .     (no boots)
MR     .....                    p - amulet of warding
Stlth  ++........               r - +3 ring of evasion
                                l - ring of positive energy (curse)

@: non-regenerating, not resistant to hostile enchantments, unstealthy
A: damage resistance, recharge devices, sense surroundings 1, slow regeneration
3
a: Device Recharging


You were on level 2 of the Dungeon.
You were not hungry.

You visited 1 branch of the dungeon, and saw 2 of its levels.

You collected 18 gold pieces.

Inventory:

Hand Weapons
 h - a +0 short sword
 o - a +2 mace of holy wrath (weapon)
 s - a +0 dagger
Armour
 a - a +0 robe (worn)
Jewellery
 l - a cursed ring of positive energy (left hand)
 p - an amulet of warding (around neck)
 r - a +3 ring of evasion (right hand)
Wands
 c - a wand of heal wounds (4)
Scrolls
 e - 2 scrolls of blinking {unknown}
 g - a scroll of random uselessness {unknown}
 j - 2 scrolls of identify
 k - a scroll of remove curse {unknown}
Potions
 m - a potion of agility
 n - a potion of mutation {unknown}
Books
 b - a book of Necromancy

   Spells                             Type                      Level
   a - Pain                           Necromancy                   1
   b - Animate Skeleton               Necromancy                   1
   c - Vampiric Draining              Necromancy                   3
   d - Regeneration                   Charms/Necromancy            3
   e - Animate Dead                   Necromancy                   4
   f - Control Undead                 Necromancy                   4
Comestibles
 d - 2 bread rations
 i - a slice of pizza
 q - a beef jerky


   Skills:
 + Level 2.5 Dodging
 + Level 3.2 Stealth
 * Level 2.3 Spellcasting
 * Level 5.1 Necromancy


You had 2 spell levels left.
You knew the following spells:

 Your Spells              Type           Power        Failure   Level  Hunger
a - Pain                  Necr           ###.         2%          1    #......
b - Vampiric Draining     Necr           ###.......   10%         3    ###....


Dungeon Overview and Level Annotations

Branches:
Dungeon (2/15)

Altars:
Yredelemnul

Annotations:
D:2 Sigmund


Innate Abilities, Weirdness & Mutations

You are resistant to damage.
You can recharge devices by infusing magical energy.
You passively map a small area around you.
You do not regenerate naturally.


Message History

You hear some strange, mumbled words.
A puff of flame appears from out of thin air!
The puff of flame hits you!
You closely miss something. Something barely misses you.
You hit something.
You hear some strange, mumbled words.
Something tries to affect you, but you resist.
Wield which item (- for none, * to show all)? (? for menu, Esc to quit)
h - a +0 short sword (weapon)
Wield which item (- for none, * to show all)? (? for menu, Esc to quit)
It softly glows with a divine radiance!
o - a +2 mace of holy wrath (weapon)
Something barely misses you.
You barely miss something. Something hits you!
You hit something. You closely miss something.
You hear some strange, mumbled words.
A puff of flame appears from out of thin air!
The puff of flame hits you!
You die...

, , , #.# ##.##
#.# * **
#.###...#####.#
,,*
#.............#
#####...#######
##.## , #.#####*
#.# .....## #.#
*#.{.# #.#
###..@### #.# ,,
* #.......# #.#
#.........#####.#
###.............#
* ###...#########
* #...# ##.## *#.
, ..


There were no monsters in sight!

Vanquished Creatures
  2 adders (D:2)
  An ooze (D:2)
  A worm (D:2)
  A giant gecko (D:1)
  3 giant cockroaches (D:1)
  8 goblins
  7 hobgoblins
  6 bats
  4 giant newts (D:1)
  6 rats
39 creatures vanquished.

Notes
Turn   | Place    | Note
--------------------------------------------------------------
     0 | D:1      | wobbegong the Deep Dwarf Necromancer began the quest for the Orb.
     0 | D:1      | Reached XP level 1. HP: 15/15 MP: 3/3
   241 | D:1      | Reached XP level 2. HP: 22/22 MP: 1/4
   621 | D:1      | Reached XP level 3. HP: 25/28 MP: 2/5
   630 | D:1      | Learned a level 3 spell: Vampiric Draining
   895 | D:2      | Reached skill level 5 in Necromancy
   928 | D:2      | Found a basalt altar of Yredelemnul.
  1172 | D:2      | Noticed Sigmund
  1233 | D:2      | Killed from afar by Sigmund

Action                   || total
-------------------------++-------
Melee: Unarmed           ||     1
       Short sword       ||    45
       Dagger            ||    13
       Mace              ||     3
 Cast: Pain              ||    57
       Vampiric Draining ||     5
Evoke: Wand              ||     1
  Use: Scroll            ||     1
 Stab: Sleeping          ||     7
  Eat: Chunk             ||     3
